 Dungeon Crawl Stone Soup version 0.15.0-29-ga8e3430 (webtiles) character file.

33004 Kex the Blocker (level 14, -1/106 HPs)
             Began as a Formicid Fighter on Sept 12, 2014.
             Was a High Priest of Qazlal.
             Slain by a dire elephant (9 damage)
             ... on Level 8 of the Lair of Beasts.
             The game lasted 02:09:28 (21121 turns).

Kex the Blocker (Formicid Fighter)                 Turns: 21121, Time: 02:09:31

HP  -1/106       AC 24     Str 23      XL: 14   Next:  5%
MP  25/25        EV  8     Int 15      God: Qazlal [*****.]
Gold 957         SH 27     Dex 14      Spells:  1 memorised, 10 levels left

rFire  + . .     SeeInvis +     a - +5 quarterstaff (freeze)
rCold  . . .     Clarity  +     E - +2 chain mail {rF+}
rNeg   . . .     rCorr    .     y - +0 large shield
rPois  .         rRot     .     (helmet unavailable)
rElec  .         Spirit   .     i - +0 cloak
SustAb .         Warding  .     x - +2 pair of gloves
rMut   .         Stasis   +     u - +0 pair of boots
Gourm  .                        l - amulet of clarity
MR     +....                    V - +3 ring of strength
                                k - +1 ring of protection

@: brilliant, lethally poisoned, protected from physical damage, very slightly
contaminated, repel missiles, somewhat resistant to hostile enchantments,
extremely unstealthy
A: permanent stasis, dig shafts and tunnels, four strong arms, antennae 3
a: Dig, Shaft Self, Upheaval, Elemental Force, Disaster Area, Renounce Religion


You were on level 8 of the Lair of Beasts.
You worshipped Qazlal.
Qazlal was extremely pleased with you.
You were very full.

You visited 4 branches of the dungeon, and saw 20 of its levels.
You also visited: Volcano.

You collected 1015 gold pieces.
You spent 58 gold pieces at shops.

Inventory:

Hand weapons
 a - a +5 quarterstaff of freezing (weapon)
 M - the +5 scythe "Psocris" {freeze, Int-1}
   (You found it on level 6 of the Lair of Beasts)

   It has been specially enchanted to freeze those struck by it, causing extra
   injury to most foes and up to double damage against particularly susceptible
   opponents.
   It can also slow down cold-blooded creatures.
   It affects your intelligence (-1).
 N - a +6 cutlass of flaming
Armour
 i - a +0 cloak (worn)
 s - a troll hide {Snorg}
 u - a +0 pair of boots (worn)
 x - a +2 pair of gloves (worn)
 y - a +0 large shield (worn)
 E - a +2 chain mail of fire resistance (worn)
Magical devices
 e - a wand of fireball (3)
 J - a wand of teleportation (0)
 L - a wand of lightning (8)
 W - a wand of disintegration (8)
Comestibles
 d - 3 chunks of anaconda flesh
 f - 18 fruits
 g - 8 meat rations
 j - 11 bread rations
 m - 12 royal jellies
 I - 8 beef jerkies
Scrolls
 n - 7 scrolls of fog
 o - 2 scrolls of remove curse
 p - 3 scrolls of magic mapping
 B - 3 scrolls of amnesia
 U - a scroll of holy word
Jewellery
 k - a +1 ring of protection (left hand)
 l - an amulet of clarity (around neck)
 O - an uncursed amulet of the gourmand
 P - an uncursed ring of poison resistance {unknown}
 V - a +3 ring of strength (right hand)
Potions
 b - 3 potions of resistance
 c - a potion of experience {unknown}
 t - a potion of mutation {unknown}
 v - 3 potions of poison
 w - a potion of lignification {unknown}
 D - 3 potions of invisibility
 G - a potion of magic
 K - 3 potions of agility
 S - 3 potions of brilliance
 X - a potion of cancellation
 Z - a potion of beneficial mutation {unknown}
Magical staves
 q - an uncursed staff of wizardry
Miscellaneous
 R - a crystal ball of energy
 T - a box of beasts


   Skills:
 * Level 8.3 Fighting
   Level 3.6(3.7) Axes
 - Level 1.0(5.8) Polearms
 + Level 8.2(8.3) Staves
 * Level 11.2 Armour
 * Level 7.7 Dodging
 + Level 5.6 Stealth
 + Level 16.0 Shields
 * Level 1.2 Spellcasting
 * Level 1.2 Transmutations
 * Level 5.5 Invocations
 + Level 1.0 Evocations


You had 10 spell levels left.
You knew the following spells:

 Your Spells              Type           Power        Failure   Level  Hunger
a - Ignite Poison         Fire/Trmt      ##........   98%         5    ######.


Dungeon Overview and Level Annotations

Branches:
Dungeon (10/15)            Temple (1/1) D:4             Orc (0/4) D:10
   Lair (8/8) D:10         Shoals (1/5) Lair:5       Spider (0/5) Lair:5
  Slime (0/6) Lair:6

Altars:
Ashenzari
Cheibriados
Dithmenos
Elyvilon
Fedhas
Kikubaaqudgha
Makhleb
Nemelex Xobeh
Okawaru
Qazlal
Sif Muna
Trog
Vehumet
Xom
Yredelemnul
Zin
The Shining One

Shops:
D:4 [   D:8 [   D:9 ?

Annotations:
Lair:6 exclusion: 3 oklob plants


Innate Abilities, Weirdness & Mutations

Your are under a permanent stasis effect.
You can dig through walls and to a lower floor.
Your four strong arms can wield two-handed weapons with a shield.
You have a pair of large antennae on your head (SInv).


Message History

* * * LOW HITPOINT WARNING * * *
You block the dire elephant's attack. The dire elephant trunk-slaps you!
* * * LOW HITPOINT WARNING * * *
You feel more protected from physical attacks.
Read which item? (? for menu, Esc to quit)
As you read the scroll of fear, it crumbles to dust.
You assume a fearsome visage.
The dire elephant resists.
The dire elephant resists with almost no effort.
The dire elephant looks frightened!
You flicker back into view.
You feel sick. You block the dire elephant's attack.
You block the dire elephant's attack.
Read which item? (? for menu, Esc to quit)
As you read the scroll of fear, it crumbles to dust.
You assume a fearsome visage.
The dire elephant resists.
The dire elephant resists with almost no effort.
The dire elephant tramples you but does no damage.
You block the dire elephant's attack. x2
The dire elephant trunk-slaps you!
You die...

###### ♣♣ #.##.# ♣|♣
#..##. #♣8♣ ♣.....
##@♣ #...P. ##YY#
#...#. #.§Y## #..###
#....##### ♣..P##
#...##...+ #♣...#.
#....'..### #..P...
##...#8...# #♣......
#...#####.# ♣.......
###..'..#.##♣.....##


You could see 3 dire elephants.

Vanquished Creatures
  A dire elephant (Lair:8)
  Snorg (Lair:7)
  Fannar (Lair:4)
  Harold (Lair:2)
  A hydra (Lair:8)
  An anaconda (Lair:8)
  Nergalle (Lair:2)
  A hill giant (D:9)
  A lindwurm (Volcano)
  Pikel (D:6)
  3 griffons
  The ghost of ztt the Skirmisher, an experienced GrFi (D:5)
  4 elephants (Lair:8)
  4 black mambas
  A toenail golem (Volcano)
  Joseph (D:7)
  10 spiny frogs
  2 gargoyles (Volcano)
  A molten gargoyle (Volcano)
  A mermaid (Shoals:1)
  Psyche (D:8)
  2 komodo dragons
  Grinder (D:6)
  A polar bear (Lair:7)
  A queen bee (Lair:1)
  A troll (D:9)
  4 fire vortices (Volcano)
  A jumping spider (Lair:5)
  3 two-headed ogres
  A boulder beetle (Lair:5)
  6 blink frogs
  A basilisk (Lair:4)
  A wraith (D:10)
  A wyvern (Lair:6)
  4 redbacks
  3 fire elementals (Volcano)
  13 yaks
  A spriggan (D:7)
  2 hippogriffs
  A wolf (D:7)
  A hill giant skeleton (D:9)
  A hungry ghost (D:8)
  20 porcupines
  Edmund (D:8)
  Menkaure (D:5)
  6 water moccasins
  3 orc warriors
  2 phantoms
  6 black bears
  A slave (D:6)
  4 ice beasts
  A spider (Lair:5)
  An ogre (D:5)
  A manticore skeleton (D:9)
  2 centaurs
  A boring beetle (Lair:6)
  Sigmund (D:3)
  Duvessa (D:4)
  A big kobold (D:10)
  3 crocodiles
  16 giant frogs
  3 eyes of draining
  19 killer bees (Lair:1)
  Dowan (D:4)
  3 goliath beetles
  2 electric eels
  5 crimson imps
  5 hounds
  A centaur zombie (D:8)
  2 jellies
  Crazy Yiuf (D:3)
  7 iguanas
  6 orc priests
  A giant frog skeleton (D:9)
  5 worker ants
  7 orc wizards
  8 sheep (Lair:7)
  Ijyb (D:3)
  A mummy (D:10)
  2 gnolls
  Natasha (twice) (D:3)
  17 adders
  21 green rats
  2 shadow imps
  6 giant mites
  3 worms
  2 orc skeletons (D:5)
  2 adder zombies
  11 giant geckos
  34 orcs
  2 ball pythons
  A bat skeleton (D:6)
  8 giant cockroaches
  13 goblins
  16 hobgoblins
  6 jackals
  28 bats
  A giant gecko zombie (D:7)
  7 giant newts
  A giant newt zombie (D:3)
  A hobgoblin skeleton (D:7)
  16 kobolds
  A kobold skeleton (D:5)
  A kobold zombie (D:8)
  3 orc zombies
  6 quokkas
  16 rats
  2 spectral orcs (Lair:2)
  4 ballistomycetes (D:8)
  10 bushes
  30 fungi
  38 plants
552 creatures vanquished.

Vanquished Creatures (others)
  A slave (D:6)
  Natasha (D:3)
  A green rat (Lair:2)
  An orc (D:6)
  A giant spore (D:8)
  An orc zombie (D:9)
  3 fungi
  A plant (Lair:7)
10 creatures vanquished.

Grand Total: 562 creatures vanquished

Notes
Turn   | Place    | Note
--------------------------------------------------------------
     0 | D:1      | Kex, the Formicid Fighter, began the quest for the Orb.
     0 | D:1      | Reached XP level 1. HP: 18/18 MP: 1/1
    13 | D:1      | Noticed an electric eel
   217 | D:1      | Reached XP level 2. HP: 20/24 MP: 3/3
   411 | D:1      | Reached skill level 4 in Armour
   421 | D:1      | Reached XP level 3. HP: 29/29 MP: 4/4
  1404 | D:2      | Reached XP level 4. HP: 32/35 MP: 5/5
  1600 | D:3      | Noticed Sigmund
  1995 | D:3      | Noticed Natasha
  2009 | D:3      | Killed Natasha
  2009 | D:3      | Reached skill level 1 in Stealth
  2009 | D:3      | Reached XP level 5. HP: 35/42 MP: 7/7
  2386 | D:3      | Noticed Natasha
  2592 | D:3      | Found a white marble altar of Elyvilon.
  2679 | D:3      | Found a burning altar of Makhleb.
  2680 | D:3      | Found a radiant altar of Vehumet.
  2693 | D:3      | Reached skill level 1 in Dodging
  2745 | D:3      | Killed Natasha
  2769 | D:3      | Reached XP level 6. HP: 46/48 MP: 8/8
  2962 | D:3      | Noticed Natasha
  2966 | D:3      | Killed Natasha
  2983 | D:3      | Killed Sigmund
  2983 | D:3      | Reached skill level 5 in Shields
  3445 | D:3      | Noticed Ijyb
  3453 | D:3      | Killed Ijyb
  3506 | D:3      | Noticed Crazy Yiuf
  3521 | D:3      | Killed Crazy Yiuf
  3521 | D:3      | Reached XP level 7. HP: 22/54 MP: 9/9
  4025 | D:4      | Found a staircase to the Ecumenical Temple.
  4034 | Temple   | Entered the Ecumenical Temple
  4063 | Temple   | Became a worshipper of Qazlal Stormbringer
  4129 | D:4      | Found Ashon's Armour Boutique.
  4132 | D:4      | Bought a +0 large shield for 58 gold pieces
  4256 | D:4      | Noticed Duvessa
  4258 | D:4      | Noticed Dowan
  4274 | D:4      | Killed Duvessa
  4274 | D:4      | Reached skill level 5 in Armour
  4279 | D:4      | Killed Dowan
  4538 | D:5      | Entered Level 5 of the Dungeon
  4650 | D:5      | Noticed ztt's ghost (experienced GrFi)
  4944 | D:5      | Noticed a hill giant
  4995 | D:3      | You fall through a shaft for 3 floors!
  4995 | D:6      | Noticed Grinder
  5005 | D:6      | Killed Grinder
  5005 | D:6      | Reached skill level 1 in Staves
  5005 | D:6      | Reached skill level 6 in Shields
  5005 | D:6      | Reached XP level 8. HP: 12/61 MP: 11/11
  5353 | D:6      | Noticed Pikel
  5373 | D:6      | Killed Pikel
  5373 | D:6      | Reached skill level 5 in Fighting
  5373 | D:6      | Reached skill level 7 in Shields
  5519 | D:6      | Found a bloodstained altar of Trog.
  5556 | D:6      | Acquired Qazlal's first power
  5556 | D:6      | Reached XP level 9. HP: 68/68 MP: 0/12
  5887 | D:6      | Reached skill level 8 in Shields
  6316 | D:5      | Found a sparkling altar of Nemelex Xobeh.
  7050 | D:5      | Noticed Menkaure
  7062 | D:5      | Killed Menkaure
  7121 | D:5      | Killed ztt's ghost
  7121 | D:5      | Reached skill level 9 in Shields
  7978 | D:7      | Noticed Joseph
  8000 | D:7      | Killed Joseph
  8000 | D:7      | Reached XP level 10. HP: 52/75 MP: 13/13
  8102 | D:7      | Found a stormy altar of Qazlal.
  8356 | D:7      | Reached skill level 10 in Shields
  8700 | D:8      | Found Unwuh's Armour Emporium.
  8792 | D:8      | Acquired Qazlal's second power
  8932 | D:8      | Found an iron altar of Okawaru.
  9074 | D:8      | Noticed Psyche
  9079 | D:8      | Noticed Edmund
  9097 | D:8      | Killed Psyche
  9097 | D:8      | Reached skill level 5 in Staves
  9106 | D:8      | Killed Edmund
  9106 | D:8      | Reached skill level 11 in Shields
  9235 | D:8      | Found a snail-covered altar of Cheibriados.
 10124 | D:9      | Found Ashudgh's Magic Scroll Shop.
 10214 | D:9      | Reached XP level 11. HP: 81/81 MP: 15/15
 10225 | D:9      | Acquired Qazlal's third power
 10563 | D:10     | Entered Level 10 of the Dungeon
 10614 | D:10     | Found a staircase to the Orcish Mines.
 10633 | D:10     | Found a staircase to the Lair.
 10642 | D:10     | Reached skill level 12 in Shields
 10683 | D:10     | Noticed a hill giant
 10963 | D:9      | Killed a hill giant
 11608 | Lair:1   | Entered Level 1 of the Lair of Beasts
 11652 | Lair:1   | Acquired Qazlal's fourth power
 11652 | Lair:1   | Reached skill level 5 in Dodging
 12287 | Lair:1   | Reached skill level 13 in Shields
 12739 | Lair:2   | Noticed Harold
 12754 | Lair:2   | Killed Harold
 12754 | Lair:2   | Reached skill level 5 in Stealth
 12997 | Lair:2   | Reached XP level 12. HP: 68/89 MP: 16/16
 13359 | Lair:2   | Noticed Nergalle
 13377 | Lair:2   | Noticed a spectral orc warlord
 13393 | Lair:2   | Killed Nergalle
 13393 | Lair:2   | Reached skill level 10 in Armour
 13570 | Lair:2   | Reached skill level 14 in Shields
 13804 | Lair:2   | Acquired Qazlal's fifth power
 15804 | Lair:4   | Noticed Fannar
 15885 | Lair:4   | Killed Fannar
 15885 | Lair:4   | Reached skill level 15 in Shields
 16580 | Lair:5   | Reached skill level 1 in Invocations
 16631 | Lair:5   | Reached XP level 13. HP: 96/96 MP: 18/18
 16933 | Lair:5   | Found a hole to the Spider Nest.
 17066 | Lair:5   | Found a staircase to the Shoals.
 17414 | Shoals:1 | Entered Level 1 of the Shoals
 17722 | Lair:6   | Found a staircase to the Slime Pits.
 18138 | Lair:6   | Found a dark tunnel.
 18144 | Volcano  | Entered a volcano
 18947 | Lair:6   | Got a brightly glowing scythe
 18948 | Lair:6   | Identified the +5 scythe "Psocris" {freeze, Int-1} (You found it on level 6 of the Lair of Beasts)
 18961 | Lair:7   | Noticed Snorg
 18971 | Lair:7   | Killed Snorg
 18999 | Lair:7   | Identified a scroll of acquirement
 19043 | Lair:7   | Reached skill level 1 in Polearms
 19123 | Lair:7   | Reached skill level 5 in Invocations
 19130 | Lair:7   | Reached skill level 1 in Evocations
 19870 | Lair:8   | Entered Level 8 of the Lair of Beasts
 19897 | Lair:8   | Reached skill level 16 in Shields
 20190 | Lair:8   | Learned a level 5 spell: Ignite Poison
 20356 | Lair:8   | Found a labyrinth entrance.
 21068 | Lair:8   | Reached skill level 1 in Spellcasting
 21068 | Lair:8   | Reached XP level 14. HP: 78/105 MP: 25/25
 21079 | Lair:8   | Noticed a dire elephant
 21079 | Lair:8   | Noticed a dire elephant
 21090 | Lair:8   | Noticed a dire elephant
 21090 | Lair:8   | Noticed a dire elephant
 21116 | Lair:8   | Killed a dire elephant
 21116 | Lair:8   | Reached skill level 1 in Transmutations
 21121 | Lair:8   | Slain by a dire elephant

Action                   |  1- 3 |  4- 6 |  7- 9 | 10-12 | 13-15 || total
-------------------------+-------+-------+-------+-------+-------++-------
Melee: War axe           |    90 |   222 |       |       |       ||   312
       Scythe            |       |    23 |       |       |       ||    23
       Hammer            |       |     9 |     7 |       |       ||    16
       Unarmed           |       |     5 |       |       |       ||     5
       Quarterstaff      |       |       |   291 |   861 |   419 ||  1571
 Abil: Dig               |       |     1 |       |       |       ||     1
       Shaft Self        |       |       |     1 |       |       ||     1
Evoke: Wand              |       |     1 |       |     7 |    10 ||    18
  Use: Scroll            |       |     4 |     5 |    18 |     7 ||    34
       Potion            |       |       |       |     9 |     8 ||    17
 Stab: Petrified         |       |       |     1 |       |       ||     1
       Paralysed         |       |       |     6 |    11 |     6 ||    23
       Petrifying        |       |       |       |     3 |     1 ||     4
       Confused          |       |       |       |     1 |     1 ||     2
       Invisible         |       |       |       |       |     6 ||     6
  Eat: Bread ration      |     1 |       |     1 |       |       ||     2
       Chunk             |       |     3 |     6 |    31 |    24 ||    64
       Beef jerky        |       |     1 |       |       |       ||     1
       Fruit             |       |       |     5 |     1 |     1 ||     7
       Meat ration       |       |       |       |     1 |       ||     1
